 Dungeon Crawl Stone Soup version 0.29-a0-486-ga88943ba61 (console) character file.

Game seed: 8842129016950179089

112 Faeu the Sneak (level 4, 0/33 HPs)
             Began as a Vampire Gladiator on May 26, 2022.
             Slain by an orc priest
             ... wielding a +0 club
              (3 damage)
             ... on level 4 of the Dungeon.
             The game lasted 00:02:13 (2830 turns).

Faeu the Sneak (Vampire Gladiator)                  Turns: 2830, Time: 00:02:13

Health: 0/33       AC:  3    Str: 19    XL:     4   Next: 63%
Magic:  4/4        EV: 13    Int: 10    God:
Gold:   116        SH:  0    Dex: 17    Spells: 3/3 levels left

rFire   . . .      SeeInvis +   a - +0 rapier {short}
rCold   . . .      Faith    .   (no shield)
rNeg    . . .      Spirit   .   l - +0 robe
rPois   .          Reflect  .   c - +0 helmet
rElec   .          Harm     .   (no cloak)
rCorr   .          Rampage  .   (no gloves)
Will    .....                   (no boots)
Stlth   ++++......              (no amulet)
HPRegen 0.31/turn               t - +6 ring of strength
MPRegen 0.09/turn               (no ring)

@: healing quickly
A: alive, fangs 3, see invisible, vampiric 2
a: Exsanguinate


You were on level 4 of the Dungeon.
You visited 1 branch of the dungeon, and saw 4 of its levels.

You collected 116 gold pieces.


Innate Abilities, Weirdness & Mutations

Your natural rate of healing is accelerated.
You have razor-sharp teeth.
You have supernaturally acute eyesight. (SInv)
You are afflicted with vampirism and can become a bat while bloodless.


   Skills:
 - Level 1.7 Fighting
 - Level 3.2 Short Blades
 - Level 1.5 Throwing
 - Level 3.2 Dodging
 + Level 7.0 Stealth


You had 3 spell levels left.
You didn't know any spells.
Your spell library contained the following spells:

 Spells                   Type           Power      Damage    Failure   Level
 Ignite Poison            Fire/Tmut/Pois 0%         N/A       75%         3
 Mephitic Cloud           Conj/Pois/Air  0%         N/A       75%         3
 Freezing Cloud           Conj/Ice/Air   0%         6-21      100%        5
 Dispersal                Tloc           0%         N/A       100%        6
 Disjunction              Tloc           0%         N/A       100%        8

Inventory:

Hand Weapons
 a - a +0 rapier (weapon) {short}
Missiles
 d - 3 throwing nets (quivered) {=f!fthrowing}
 e - a javelin {throwing}
 g - 76 stones {throwing}
 k - 11 poisoned darts {throwing}
 r - 4 atropa-tipped darts {throwing}
Armour
 b - a +0 leather armour
 c - a +0 helmet (worn)
 l - a +0 robe (worn)
   (You found it on level 1 of the Dungeon)
 n - a +0 robe
   (You found it on level 1 of the Dungeon)
 q - a +0 ring mail
   (You found it on level 2 of the Dungeon)
 x - a +0 ring mail
   (You found it on level 3 of the Dungeon)
 z - a +0 pair of boots
   (You found it on level 3 of the Dungeon)
 D - a +0 scale mail
   (You found it on level 3 of the Dungeon)
Jewellery
 t - a +6 ring of strength (left hand)
   (You found it on level 2 of the Dungeon)
 C - an amulet of faith {!P}
   (You found it on level 3 of the Dungeon)
 E - a ring of wizardry
   (You found it on level 4 of the Dungeon)
Scrolls
 f - 9 scrolls of identify {unknown}
 i - a scroll of magic mapping {unknown}
 j - a scroll of blinking {unknown}
 m - a scroll of teleportation {unknown}
 s - a scroll of fear {unknown}
 w - a scroll of noise {unknown}
 y - a scroll of fog {unknown}
 B - a scroll of enchant weapon {unknown}
Potions
 h - 3 potions of curing {unknown}
 o - a potion of magic {unknown}
 p - a potion of cancellation {unknown}
 u - a potion of haste {unknown}
 v - a potion of flight {unknown}
 A - a potion of mutation {unknown}

Dungeon Overview and Level Annotations

Branches:
Dungeon (4/15)
 Temple: D:4-7

Altars:
Nemelex Xobeh
Trog
Uskayaw

#........#.#...#
#........#.#...#
+........#.#...#
#........#.#...#
#........#.#...#######.#
####.......................
.....###...................
.....###.####......######..
.....#.........#........#
.....####.#....#o#.####...
..............#.@#...
.########.#.....oo......
#.#<............P
..#............P.
.......#..##....PP
#.......#..# ....PP
#.......#..# ....
#.......#..# .... #.......#
#.......#


You could see an orc priest and 2 orcs.


Message History

Done exploring.
No target in view!
(D) Dungeon
Where to? (Enter - D:3, ? - help)
There is an open door here.
There is a stone staircase leading down here.
You climb downwards.
There is a stone staircase leading up here.
A dart slug comes into view.
You see here a ring of wizardry.
You see here a ring of wizardry.
A dart slug is nearby!
A dart slug is nearby!
You see here 5 stones {throwing}.
A dart slug is nearby!
A dart slug is nearby!
A dart slug is nearby!
A dart slug is nearby!
A dart slug is nearby!
The helpless dart slug fails to defend itself.
You perforate the dart slug like a sieve!!!
You kill the dart slug!
g - 76 stones {throwing} (gained 5)
E - a ring of wizardry No target in view!
An orc wizard comes into view. It is wielding a +0 dagger.
An orc comes into view. It is wielding a +0 mace.
There are monsters nearby!
There are monsters nearby!
An orc priest comes into view. It is wielding a +0 club.
The orc wizard shouts!
The orc priest shouts!
There are monsters nearby!
An orc comes into view. It is wielding a +0 dagger.
The orc shouts!
The orc wizard gestures wildly while chanting.
The orc wizard flickers and vanishes for a moment.
The orc hits you with a +0 mace. The orc wizard misses you.
The orc priest looks encouraged for a moment. 😕 HP[-1]
You take 1 damage, and now have 32/33 hp.
You completely miss the orc wizard. You bite the orc wizard.
The orc wizard barely misses you. The orc closely misses you. 😎 HP[+1]
You miss the orc wizard. The orc wizard casts a spell at you.
The puff of flame misses you.
You hit the orc wizard but do no damage.
Your bite misses the orc wizard. The orc misses you.
The orc wizard hits you but does no damage.
You hit the orc wizard.
The orc priest hits you with a +0 club. 😕 HP[-5]
You take 5 damage, and now have 28/33 hp.
You hit the orc wizard. The orc misses you. The orc priest closely misses you.
You hit the orc wizard but do no damage.
The orc wizard hits you with a +0 dagger.
The orc priest invokes the aid of Beogh against you.
Beogh smites you!
* * * LOW HITPOINT WARNING * * *
The orc hits you with a +0 mace.
* * * LOW HITPOINT WARNING * * *
😨 HP[-15]
You take 15 damage, and now have 13/33 hp.
MASSIVE DAMAGE!! (PAUSE)
You barely miss the orc wizard. The orc wizard barely misses you.
The orc priest barely misses you. The orc barely misses you. 😨 HP[+1]
The orc wizard attacks as you move away!
The orc wizard hits you with a +0 dagger.
* * * LOW HITPOINT WARNING * * *
😨 HP[-2]
You take 2 damage, and now have 12/33 hp. 😨 HP[+1]
You hit the orc wizard.
The orc wizard hits you with a +0 dagger.
* * * LOW HITPOINT WARNING * * *
😨 HP[-4]
You take 4 damage, and now have 9/33 hp.
You hit the orc wizard.
The orc wizard hits you but does no damage.
You hit the orc wizard.
You kill the orc wizard!
Your Stealth skill increases to level 7! 😨 HP[+1]
You hit the orc priest but do no damage.
The orc barely misses you. The orc priest barely misses you.
You closely miss the orc priest. The orc hits you with a +0 mace.
* * * LOW HITPOINT WARNING * * *
The orc hits you with a +0 dagger.
* * * LOW HITPOINT WARNING * * *
The orc priest hits you but does no damage. 😱 HP[-5]
You take 5 damage, and now have 5/33 hp.
You hit the orc priest but do no damage.
The orc barely misses you. x2; The orc priest hits you with a +0 club.
* * * LOW HITPOINT WARNING * * *
😱 HP[-2]
You take 2 damage, and now have 3/33 hp.
You closely miss the orc priest. The orc barely misses you.
The orc priest hits you with a +0 club.
You die...

Skill      XL: |  1  2  3  4 |
---------------+-------------+-----
Stealth        | 2 4 5 7 |  7.0
Fighting       | |  1.7
Short Blades   | |  3.2
Throwing       | |  1.5
Dodging        | |  3.2

Action                   |  1- 3 |  4- 6 || total
-------------------------+-------+-------++-------
Melee: Rapier            |    76 |    24 ||   100
       Bite              |     8 |     2 ||    10
       Punch             |     1 |       ||     1
 Stab: Sleeping          |    10 |     4 ||    14
       Distracted        |     1 |       ||     1
Armor: Leather armour    |    19 |       ||    19
       Robe              |       |     4 ||     4
Dodge: Dodged            |    31 |    23 ||    54

Levels and vault maps discovered:
D:1:      erik_arrival_cave_to_civilisation [erik_arrival_cave_to_hall],
          layout_basic, shapermc_ecumenical_altar_starsandcircs,
          item_on_display_b
D:2:      layout_basic, minmay_tree_intersection, hex_large
D:3:      layout_basic, marbit_many_paths, nicolae_overflow_ecumenical_swirl,
          nemelex_diamond_rough_becter, minmay_misc_feat_plants, st_stairs_13
D:4:      kennysheep_goblin_castle, layout_basic, grunt_decor_cap,
          dreamdust_mushroom_princess

Notes
Turn   | Place    | Note
-------+----------+-------------------------------------------
     0 | D:1      | Faeu the Vampire Gladiator began the quest for the Orb.
     0 | D:1      | Reached XP level 1. HP: 16/16 MP: 1/1
     0 | D:1      | magus.rc [v1.9.6]
    71 | D:1      | Reached skill level 1 in Stealth
   237 | D:1      | Reached skill level 2 in Stealth
   242 | D:1      | Reached XP level 2. HP: 22/22 MP: 2/2
   253 | D:1      | Reached skill level 3 in Stealth
   691 | D:1      | You pick up a book of the Warp and begin reading...
   691 | D:1      | You add the spells Dispersal and Disjunction to your
                  | library.
   846 | D:1      | Found a faded altar of an unknown god.
   886 | D:1      | Reached skill level 4 in Stealth
  1227 | D:2      | Gained mutation: You are afflicted with vampirism and can
                  | become a bat while bloodless. [Vampire growth]
  1227 | D:2      | Reached XP level 3. HP: 27/27 MP: 3/3
  1555 | D:2      | Reached skill level 5 in Stealth
  1803 | D:3      | You add the spells Ignite Poison, Mephitic Cloud and
                  | Freezing Cloud to your library.
  1858 | D:3      | Found a sparkling altar of Nemelex Xobeh.
  2114 | D:3      | Reached XP level 4. HP: 28/33 MP: 4/4
  2135 | D:3      | Found a faded altar of an unknown god.
  2139 | D:3      | Found a bloodstained altar of Trog.
  2354 | D:3      | Reached skill level 6 in Stealth
  2378 | D:3      | Found a hide-covered altar of Uskayaw.
  2827 | D:4      | Reached skill level 7 in Stealth
  2828 | D:4      | HP: 8/33 [orc/+0 mace (2)]
  2829 | D:4      | HP: 3/33 [orc priest/+0 club (3)]
  2830 | D:4      | Slain by an orc priest

Vanquished Creatures
  An orc wizard (D:4)
  3 adders
  A worm (D:3)
  3 dart slugs
  2 orcs (D:3)
  6 ball pythons
  7 endoplasms
  A giant cockroach (D:2)
  3 goblins
  5 hobgoblins
  6 jackals
  A quokka (D:3)
  A kobold (D:1)
  5 rats
45 creatures vanquished.

Vanquished Creatures (others)
  3 fungi (D:4)
3 creatures vanquished.

Grand Total: 48 creatures vanquished

Table legend:
 A = Non-vault XP
 B = Vault XP
 C = Vault XP percentage of total XP
 D = Non-vault monster count
 E = Vault monster count
 F = Vault count percentage of total count
                 A         B        C        D         E       F
            +---------+---------+-------+---------+---------+-------
      Total |     138 |      22 |  13.8 |      40 |       5 |  11.1
            +---------+---------+-------+---------+---------+-------
        D:1 |      29 |       3 |   9.4 |      14 |       2 |  12.5
        D:2 |      30 |       0 |   0.0 |      10 |       0 |   0.0
        D:3 |      40 |      19 |  32.2 |      14 |       3 |  17.6
        D:4 |      39 |       0 |   0.0 |       2 |       0 |   0.0
            +---------+---------+-------+---------+---------+-------

Illustrated notes

Table legend:
 A = Kills in this place as a percentage of kills in entire the game.
 B = Kills by you in this place as a percentage of kills by you in the entire game.
 C = Kills by friends in this place as a percentage of kills by friends in the entire game.
 D = Other kills in this place as a percentage of other kills in the entire game.
 E = Experience gained in this place as a percentage of experience gained in the entire game.
 F = Experience gained in this place divided by the number of levels of this place that you have seen.
                   A       B       C       D       E      F
               +-------+-------+-------+-------+-------+----------------------
         Total | 100.0 | 100.0 |   N/A |   N/A | 100.0 |  40.0
       Dungeon | 100.0 | 100.0 |   N/A |   N/A | 100.0 |  40.0
               +-------+-------+-------+-------+-------+----------------------

Table legend: (Time is in decaauts)
 A = Elapsed time spent in this place.
 B = Non-inter-level travel time spent in this place.
 C = Inter-level travel time spent in this place.
 D = Time resting spent in this place.
 E = Time spent auto-exploring this place.
 F = Levels seen in this place.
 G = Mean time per level.
                   A        B        C        D        E       F      G
               +--------+--------+--------+--------+--------+-----+--------+
         Total |   2834 |   2769 |     65 |     63 |   2366 |   4 |  708.5 |
       Dungeon |   2834 |   2769 |     65 |     63 |   2366 |   4 |  708.5 |
               +--------+--------+--------+--------+--------+-----+--------+

Top non-repeatable levels by time:
     D:1: 1191 daAuts
     D:3: 947 daAuts
     D:2: 640 daAuts
     D:4: 54 daAuts
